 Dungeon Crawl Stone Soup version 0.30-a0-634-g8abc85282e (webtiles) character file.

Game seed: 17155624135458530485

79583 Persephone the Bludgeoner (level 15, -3/211 HPs)
             Began as an Armataur Berserker on Jan 14, 2023.
             Was a High Priest of Trog.
             Slain by a dire elephant simulacrum (28 damage)
             ... on level 5 of the Lair of Beasts.
             The game lasted 00:43:02 (15628 turns).

Persephone the Bludgeoner (Armataur Berserker)     Turns: 15628, Time: 00:43:02

Health: -3/211     AC: 18    Str: 31    XL:     15   Next: 21%
Magic:  15/15      EV:  4    Int:  7    God:    Trog [*****.]
Gold:   1147       SH:  0    Dex:  9    Spells: 14/14 levels left

rFire   + . .      SeeInvis +    Q - +8 great mace
rCold   . . .      Faith    .    (shield currently unavailable)
rNeg    + + .      Spirit   .    N - +0 plate armour
rPois   +          Reflect  .    J - +0 hat of the Solstice {rElec rF+ rN+ Stlth-}
rElec   +          Harm     .    q - +0 cloak
rCorr   +          Roll     +    P - +0 pair of gloves
Will    ++...                    (no barding) Stlth
                                 C - amulet "Iwnoikaff" {rPois rN+ Regen+ SInv}
HPRegen 1.35/turn                A - ring of willpower
MPRegen 0.14/turn                p - ring of resist corrosion

@: berserking, constricted, very quick
A: large, rugged brown scales 3, deformed body, armoured tail, roll, long
tongue, awkward tongue
a: Renounce Religion, Berserk, Trog's Hand, Brothers in Arms


You were on level 5 of the Lair of Beasts.
You worshipped Trog.
Trog was extremely pleased with you.
You visited 2 branches of the dungeon, and saw 16 of its levels.
You also visited: Bailey.

You collected 1147 gold pieces.

Inventory:

Hand Weapons
 a - a +0 mace
 s - a +3 flail of freezing
 v - a +2 heavy flail
 K - a +0 dire flail of freezing
 Q - a +8 great mace (weapon)
Missiles
 t - 4 throwing nets (quivered)
Armour
 j - a +1 ring mail of fire resistance
 q - a +0 cloak (worn)
 J - the +0 hat of the Solstice (worn) {rElec rF+ rN+ Stlth-}
   (You found it on level 10 of the Dungeon)

   rF:        It protects you from fire.
   rElec:     It insulates you from electricity.
   rN:        It protects you from negative energy.
   Stlth:     It makes you less stealthy.
 M - the +1 leather armour of the Falcon {Str+5 Dex+4}
   (You found it on level 10 of the Dungeon)

   Str:       It affects your strength (+5).
   Dex:       It affects your dexterity (+4).
 N - a +0 plate armour (worn)
 P - a +0 pair of gloves (worn)
Jewellery
 l - a +5 ring of evasion
 m - a ring of flight
 p - a ring of resist corrosion (right hand)
 x - a ring of positive energy
 A - a ring of willpower (left hand)
 B - an amulet of faith
 C - the amulet "Iwnoikaff" (around neck) {rPois rN+ Regen+ SInv}
   (You found it on level 7 of the Dungeon)

   [amulet of regeneration]

   rPois:     It protects you from poison.
   rN:        It protects you from negative energy.
   SInv:      It lets you see invisible.
   Regen:     It increases your rate of health regeneration.
 L - a +6 ring of strength
Wands
 y - a wand of flame (32)
 D - a wand of paralysis (14)
 I - a wand of digging (5)
 R - a wand of roots (9)
 S - a wand of polymorph (3)
Scrolls
 b - 8 scrolls of teleportation
 c - 3 scrolls of blinking
 d - a scroll of poison {unknown}
 r - 7 scrolls of fog
 w - a scroll of silence
 F - 9 scrolls of identify
 G - 2 scrolls of enchant armour
 H - 2 scrolls of fear
 O - a scroll of magic mapping
Potions
 e - 13 potions of curing
 f - a potion of brilliance
 g - a potion of haste
 h - 4 potions of degeneration
 i - a potion of might
 k - 3 potions of lignification
 n - 2 potions of mutation
 o - 3 potions of magic
 u - 8 potions of heal wounds
 z - 2 potions of invisibility
 E - a potion of flight


   Skills:
 - Level 11.8 Fighting
 + Level 18.5 Maces & Flails
 - Level 15.0 Armour
 - Level 2.1 Dodging


You had 14 spell levels left.
You didn't know any spells.
Your spell library was empty.

Dungeon Overview and Level Annotations

Branches:
Dungeon (11/15)            Temple (0/1) D:6            Lair (5/5) D:9
  Swamp (0/4) Lair:2        Snake (0/4) Lair:2        Slime (0/5) Lair:5
 Bailey (visited)
    Orc: D:9-12

Altars:
Ashenzari
Hepliaklqana
Uskayaw
Xom
The Shining One

Annotations:
D:3 2 transporters, pigah's ghost, amateur OpWn
Lair:4 1 runed translucent door, mandoloar's ghost, journeyman MiFi
Lair:5 exclusions: obsidian statue and 3 oklob plants


Innate Abilities, Weirdness & Mutations

You are completely covered in rugged brown scales. (AC +3, +7% HP)
Armour fits poorly on your strangely shaped body.
You have a long armoured tail.
You roll when moving toward enemies. (Rampage)
Your long tongue fully drains potion bottles. (2x potion effects)
Your tongue gives you trouble enunciating. (1.5x scroll delay)


Message History

The dire elephant trunk-slaps you but does no damage.
The dire elephant simulacrum completely misses you.
The dire elephant simulacrum trunk-slaps you but does no damage.
You bludgeon the dire elephant!! You tail-slap the dire elephant.
The dire elephant is severely wounded.
You bludgeon the dire elephant!! You tail-slap the dire elephant.
The dire elephant is almost dead.
The dire elephant tramples you.
* * * LOW HITPOINT WARNING * * *
You hold your ground!
The dire elephant trunk-slaps you but does no damage.
The dire elephant simulacrum tramples you!
* * * LOW HITPOINT WARNING * * *
You hold your ground!
The dire elephant simulacrum barely misses you.
You bludgeon the dire elephant!!
You kill the dire elephant!
Trog accepts your kill.
A freezing mist starts to gather...
A dire elephant simulacrum comes into view.
The spectral anaconda grabs you. The spectral anaconda bites you!
* * * LOW HITPOINT WARNING * * *
The spectral anaconda constricts you.
The dire elephant simulacrum tramples you but does no damage.
The dire elephant simulacrum trunk-slaps you but does no damage.
The spectral anaconda completely misses you.
The spectral anaconda constricts you.
* * * LOW HITPOINT WARNING * * *
The dire elephant simulacrum tramples you but does no damage.
The dire elephant simulacrum trunk-slaps you but does no damage.
There is a large open door, spattered with blood here.
You beat the spectral anaconda like a drum!!!
The spectral anaconda is severely damaged.
The dire elephant simulacrum tramples you!
* * * LOW HITPOINT WARNING * * *
You are held in place!
The dire elephant simulacrum trunk-slaps you.
* * * LOW HITPOINT WARNING * * *
The dire elephant simulacrum freezes you!!
You die...

#..# #...##......#
#..## #).P##...#..#
##...#####.†P##.......
#....#8..'..P#♣....#..
#....'..######...###.#
#....'....# #♣....##.#
##..#####.# ♣.........
#..ZZ.P#.##♣.........
####Z@Z.#..##.....^...
#.##.#..##.##.........
#..###...#.###P.......
#...##8.8#...#♣...##..
#.#####'####.##..#####
#..# #.. #..#....###
#..## ..~≈ ##.#.#.#...
#...# ~~≈≈~ #.#.......
#...##~≈≈≈~.#.#.......


You could see a spectral anaconda and 3 dire elephant simulacra.

Vanquished Creatures
  An orc warlord (Bailey)
  4 dire elephants (Lair:5)
  Erolcha (D:9)
  2 hydras (Lair:5)
  Erica (D:8)
  A two-headed ogre (D:10)
  A boulder beetle (Lair:4)
  7 death yaks
  A fire crab (Lair:5)
  2 spectral death yaks (Lair:5)
  2 deep elf pyromancers (D:9)
  3 bog bodies (Lair:2)
  An orc knight (Bailey)
  Pikel (D:7)
  4 necromancers (Lair:5)
  12 elephants (Lair:5)
  4 black mambas
  2 torpor snails
  17 cane toads
  Maggie (D:8)
  7 komodo dragons
  A dire elephant skeleton (Lair:5)
  7 rime drakes
  2 trolls (D:10)
  2 hornets
  2 polar bears
  21 blink frogs
  5 dream sheep (Lair:4)
  2 spectral elephants (Lair:5)
  A shadow (D:9)
  A vampire (D:11)
  48 yaks
  Sigmund (D:5)
  3 wyverns
  Grum (D:8)
  Eustachio (D:6)
  A basilisk (Lair:3)
  2 steam dragons
  Edmund (D:5)
  A spectral cane toad (Lair:5)
  A swamp worm (Lair:2)
  4 nagas (Lair:2)
  Duvessa (D:5)
  An acid dragon (D:10)
  16 water moccasins
  15 orc warriors
  4 ice beasts
  2 black bears
  A swamp drake (D:9)
  A sky beast (D:6)
  2 elephant zombies (Lair:5)
  3 ogres
  23 wolves
  2 centaurs
  3 kobold brigands
  13 bullfrogs
  A gnoll sergeant (D:11)
  2 necrophages
  A scorpion (D:6)
  5 wights (D:8)
  Dowan (D:5)
  9 killer bees
  An elephant simulacrum (Lair:5)
  5 howler monkeys
  An electric eel (Lair:2)
  A crimson imp (D:9)
  A jelly (D:7)
  Crazy Yiuf (D:3)
  7 orc priests
  3 gnoll boudas
  4 hounds
  An iron imp (D:9)
  Jessica (D:3)
  20 orc wizards
  2 iguanas
  7 adders
  50 gnolls
  A shadow imp (D:9)
  3 white imps
  2 ufetubi
  4 worms
  A dart slug (D:2)
  65 orcs
  7 ball pythons
  9 endoplasms
  A giant cockroach (D:2)
  19 goblins
  16 hobgoblins
  12 jackals (D:3)
  7 quokkas
  11 bats
  5 frilled lizards
  24 kobolds
  3 rats
584 creatures vanquished.

Vanquished Creatures (others)
  4 demonic plants (D:5)
  14 fungi
  26 plants
  28 withered plants (Lair:5)
72 creatures vanquished.

Grand Total: 656 creatures vanquished

Notes
Turn   | Place    | Note
-------+----------+-------------------------------------------
     0 | D:1      | Persephone the Armataur Berserker began the quest for the
                  | Orb.
     0 | D:1      | Reached XP level 1. HP: 19/19 MP: 1/1
   123 | D:1      | Reached XP level 2. HP: 26/26 MP: 2/2
   262 | D:1      | Reached ** piety under Trog
   348 | D:1      | Reached skill level 3 in Maces & Flails
   400 | D:1      | Reached XP level 3. HP: 33/33 MP: 3/3
  1375 | D:3      | Reached *** piety under Trog
  1411 | D:3      | Reached XP level 4. HP: 36/40 MP: 4/4
  1437 | D:3      | Found a transporter.
  1447 | D:3      | Noticed pigah's ghost (amateur OpWn)
  1498 | D:3      | Found a runed translucent door.
  1504 | D:3      | Noticed Crazy Yiuf
  1535 | D:3      | Killed Crazy Yiuf
  1759 | D:3      | Reached XP level 5. HP: 48/48 MP: 5/5
  1781 | D:3      | Reached skill level 4 in Maces & Flails
  1900 | D:3      | Reached skill level 5 in Maces & Flails
  1900 | D:3      | Reached XP level 6. HP: 54/54 MP: 6/6
  1948 | D:3      | Reached skill level 6 in Maces & Flails
  2122 | D:3      | Reached XP level 7. HP: 55/60 MP: 7/7
  2289 | D:3      | Reached **** piety under Trog
  2359 | D:3      | Noticed Jessica
  2366 | D:3      | Killed Jessica
  2409 | D:3      | Found a transporter.
  2517 | D:4      | Reached skill level 7 in Maces & Flails
  3389 | D:5      | Entered Level 5 of the Dungeon
  3394 | D:5      | Reached skill level 8 in Maces & Flails
  3431 | D:5      | Noticed Sigmund
  3438 | D:5      | Killed Sigmund
  3439 | D:5      | Reached XP level 8. HP: 67/67 MP: 8/8
  3602 | D:5      | Noticed Edmund
  3619 | D:5      | Killed Edmund
  3620 | D:5      | Reached skill level 9 in Maces & Flails
  3675 | D:5      | Noticed Dowan
  3682 | D:5      | Killed Dowan
  3696 | D:5      | Noticed Duvessa
  3706 | D:5      | Killed Duvessa
  3726 | D:5      | HP: 3/67 [gnoll/+0 flail[a gnoll bouda] (9)]
  3736 | D:5      | Reached skill level 10 in Maces & Flails
  4458 | D:6      | Found a staircase to the Ecumenical Temple.
  4544 | D:6      | Reached XP level 9. HP: 57/74 MP: 9/9
  4581 | D:6      | Paralysed by a hornet for 3 turns
  4588 | D:6      | Reached skill level 11 in Maces & Flails
  4897 | D:6      | Noticed Eustachio
  4901 | D:6      | Killed Eustachio
  4957 | D:6      | Reached skill level 12 in Maces & Flails
  5509 | D:7      | Identified the amulet "Iwnoikaff" {rPois rN+ Regen+ SInv}
  5585 | D:7      | Noticed Pikel
  5598 | D:7      | Killed Pikel
  5599 | D:7      | Reached skill level 13 in Maces & Flails
  5599 | D:7      | Reached XP level 10. HP: 27/82 MP: 10/10
  5727 | D:7      | Identified the +1 robe "Etinwaon" {rElec Dex+4}
  5756 | D:7      | Found a hazy altar of Hepliaklqana.
  5809 | D:7      | Found a glowing golden altar of the Shining One.
  5996 | D:8      | Noticed Grum
  5998 | D:8      | Noticed Erica
  6010 | D:8      | Killed Grum
  6016 | D:8      | Killed Erica
  6038 | D:8      | Found a flagged portal.
  6070 | D:8      | Reached skill level 14 in Maces & Flails
  6110 | D:8      | Noticed Maggie
  6117 | D:8      | Killed Maggie
  6118 | D:8      | Reached skill level 5 in Armour
  6159 | Bailey   | Entered a bailey
  6227 | Bailey   | Reached ***** piety under Trog
  6248 | Bailey   | Reached skill level 5 in Fighting
  6286 | Bailey   | Noticed an orc knight
  6297 | Bailey   | Killed an orc knight
  6386 | Bailey   | Reached XP level 11. HP: 94/94 MP: 11/11
  6413 | Bailey   | Noticed an orc warlord
  6428 | Bailey   | Killed an orc warlord
  7501 | D:9      | Reached XP level 12. HP: 112/112 MP: 12/12
  7501 | D:9      | Reached XP level 13. HP: 119/119 MP: 13/13
  7538 | D:9      | Reached skill level 10 in Fighting
  7600 | D:9      | Noticed Erolcha
  7600 | D:9      | Paralysed by Erolcha for 2 turns
  7605 | D:9      | Found a staircase to the Lair.
  7608 | D:9      | Killed Erolcha
  8254 | D:9      | You fall into a shaft and drop 2 floors!
  8302 | D:11     | Found a broken altar of Ashenzari.
  8446 | D:10     | Entered Level 10 of the Dungeon
  8541 | D:10     | Identified the +0 hat of the Solstice {rElec rF+ rN+
                  | Stlth-}
  8644 | D:10     | Found a hide-covered altar of Uskayaw.
  8957 | D:10     | Identified the +1 leather armour of the Falcon {Str+5
                  | Dex+4}
  9528 | Lair:1   | Entered Level 1 of the Lair of Beasts
 11007 | Lair:2   | Found a staircase to the Snake Pit.
 11446 | Lair:2   | Found a staircase to the Swamp.
 11461 | Lair:2   | Received a gift from Trog
 11468 | Lair:2   | Reached skill level 15 in Armour
 11680 | Lair:2   | Identified the +7 hand axe of Peyveniu {freeze, rPois
                  | Dex+4}
 12020 | Lair:3   | You fall into a shaft and drop 1 floor!
 12245 | Lair:4   | Reached XP level 14. HP: 133/133 MP: 14/14
 12651 | Lair:3   | Reached skill level 15 in Maces & Flails
 13387 | Lair:4   | Reached skill level 16 in Maces & Flails
 13528 | Lair:4   | Found a runed translucent door.
 13529 | Lair:4   | Found a shimmering altar of Xom.
 13529 | Lair:4   | Noticed mandoloar's ghost (journeyman MiFi)
 14028 | Lair:5   | Entered Level 5 of the Lair of Beasts
 14388 | Lair:5   | Found a staircase to the Slime Pits.
 14448 | Lair:5   | Received a gift from Trog
 14551 | Lair:5   | Reached skill level 17 in Maces & Flails
 15314 | Lair:5   | Reached XP level 15. HP: 141/141 MP: 15/15
 15358 | Lair:5   | Reached skill level 18 in Maces & Flails
 15416 | Lair:5   | Identified the +9 battleaxe of Higgar {venom, rPois rN+}
 15558 | Lair:5   | Found the +6 Majin-Bo {spellvamp, MP+6 Int+6}
 15628 | Lair:5   | Slain by a dire elephant simulacrum

Illustrated notes

Levels and vault maps discovered:
D:1:      ebering_hopf_link, layout_loops_ring, chequers_serial_rivers_micro_c,
          nicolae_titane
D:2:      minmay_wonky_spiral, layout_loops_ring
D:3:      lemuel_castle_with_subvaults [lemuel_castle_interior_carwin_1],
          layout_rooms, gammafunk_ghost_stat_death, uniq_crazy_yiuf_cottage,
          uniq_jessica
D:4:      layout_loops_ring, corner_web_ring, minmay_circle_x
D:5:      layout_basic, dreamdust_princess_corridor, uniq_duvessa, uniq_edmund,
          uniq_sigmund
D:6:      minmay_spotlight, layout_loops_ring, temple_doors_e,
          minmay_liquid_box, serial_park_tiny_1, kennysheep_crisscross,
          uniq_eustachio
D:7:      layout_cave_pools, nicolae_tso_carved_into_rock,
          mainiacjoe_overflow_catwalk, uniq_pikel
D:8:      layout_basic, enter_bailey_8, hangedman_decor_lopped, uniq_maggie,
          uniq_erica, uniq_grum
D:9:      layout_gridville, dpeg_oklobed_lair, hangedman_minor_magic,
          uniq_erolcha
D:10:     layout_roguey, nicolae_uskayaw_dance_hall
D:11:     layout_loops_ring, david_orc_4, serial_glass, glass_columns_a,
          glass_columns_b, glass_columns_a, glass_columns_c, glass_columns_a,
          glass_columns_c, glass_columns_b, glass_columns_c,
          cheibrodos_ashenzari_chains
Lair:1:   layout_layer_cave
Lair:2:   layout_cave_pods, nicolae_swamp_entry_splash_gauntlet,
          minmay_snake_entry_guardpost_small, grunt_megastairs_5,
          lemuel_fruit_tree
Lair:3:   layout_chaotic_city, grunt_megastairs_4
Lair:4:   layout_roguey, ebering_ghost_xom, minivault_25
Lair:5:   due_jungle_book, layout_long_grid, minmay_slime_entry_oklob_open

Skill      XL: |  1  2  3  4  5  6  7  8  9 10 11 12 13 14 15 |
---------------+----------------------------------------------+-----
Armour         | 3 6 12 15 | 15.0
Fighting       | 3 5 9 11 | 11.8
Maces & Flails | 3 5 6 8 10 13 14 17 18 | 18.5
Dodging        | 2 |  2.1

Action                   |  1- 3 |  4- 6 |  7- 9 | 10-12 | 13-15 || total
-------------------------+-------+-------+-------+-------+-------++-------
Melee: Mace              |   126 |   110 |       |       |       ||   236
       Tailslap          |    13 |    18 |    34 |    20 |   165 ||   250
       Punch             |       |     3 |     4 |     5 |       ||    12
       Flail             |       |    27 |   347 |   209 |   171 ||   754
       Dire flail        |       |       |       |       |   213 ||   213
       Great mace        |       |       |       |       |   603 ||   603
Invok: Berserk           |       |     4 |     4 |     5 |    13 ||    26
       Trog's Hand       |       |     2 |     4 |     6 |    13 ||    25
  Use: Potion            |       |     1 |     1 |     2 |     1 ||     5
       Scroll            |       |       |    20 |     4 |     7 ||    31
Armor: Animal skin       |     6 |       |       |       |       ||     6
       Ring mail         |    31 |    39 |   171 |    70 |   117 ||   428
       Plate armour      |       |       |       |       |   496 ||   496
Dodge: Dodged            |    78 |   122 |   262 |   154 |   398 ||  1014

Table legend: (Time is in decaauts)
 A = Elapsed time spent in this place.
 B = Non-inter-level travel time spent in this place.
 C = Inter-level travel time spent in this place.
 D = Time resting spent in this place.
 E = Time spent auto-exploring this place.
 F = Levels seen in this place.
 G = Mean time per level.
                   A        B        C        D        E       F      G
               +--------+--------+--------+--------+--------+-----+--------+
         Total |  15752 |  14755 |    997 |      3 |  11036 |  17 |  926.6 |
       Dungeon |   9210 |   8431 |    779 |      3 |   6302 |  11 |  837.3 |
          Lair |   6006 |   5788 |    218 |      0 |   4486 |   5 | 1201.2 |
        Bailey |    535 |    535 |      0 |      0 |    247 |   1 |  535.0 |
               +--------+--------+--------+--------+--------+-----+--------+

Top non-repeatable levels by time:
  Lair:5: 1539 daAuts
     D:3: 1221 daAuts
  Lair:1: 1177 daAuts
  Lair:2: 1171 daAuts
     D:9: 1147 daAuts
     D:5: 1096 daAuts
     D:6: 1082 daAuts
  Lair:4: 1067 daAuts
  Lair:3: 1051 daAuts
     D:4: 957 daAuts
     D:8: 922 daAuts
     D:2: 778 daAuts
     D:1: 644 daAuts
     D:7: 628 daAuts
    D:10: 539 daAuts
